 Dungeon Crawl Stone Soup version 0.31.0-12-g77e489cdc1 (webtiles) character file.

Game seed: 10668917686409921386

2739 peterpiraat the Carver (level 9, -10/26 (74) HPs)
             Began as a Minotaur Gladiator on Feb 29, 2024.
             Killed by divine providence
             ... invoked by Jeremiah
              (11 damage)
             ... on level 6 of the Dungeon on Mar 1, 2024.
             The game lasted 00:45:00 (7335 turns).

peterpiraat the Carver (Minotaur Gladiator)         Turns: 7335, Time: 00:45:00

HP:   -10/26 (74)   AC:  9    Str: 27    XL:     9   Next: 40%
MP:   8/8           EV: 11    Int:  4    God:
Gold: 108           SH:  0    Dex: 11    Spells: 8/8 levels left

rFire   . . .        C - +0 great sword
rCold   . . .        (shield currently unavailable)
rNeg    . . .        s - +0 scale mail
rPois   .            c - +0 hat
rElec   .            (no cloak)
rCorr   .            (no gloves)
SInv    .            p - +0 pair of boots
Will    .....        z - amulet of faith Stlth
                     q - ring of flight
HPRegen 0.24/turn    (no ring)
MPRegen 0.11/turn

%: faith
@: flying, extremely drained
A: horns 2, retaliatory headbutt, strong 1, wild magic 1, persistent drain
a: no special abilities


You were on level 6 of the Dungeon.
You visited 1 branch of the dungeon, and saw 6 of its levels.

You collected 283 gold pieces.
You spent 175 gold pieces at shops.

Inventory:

Hand Weapons
 C - a +0 great sword (weapon)
Missiles
 d - 3 throwing nets (quivered)
 e - a javelin
Armour
 c - a +0 hat (worn)
 g - a +0 troll leather armour
 p - a +0 pair of boots (worn)
 s - a +0 scale mail (worn)
Magical Staves
 m - a staff of earth
Jewellery
 q - a ring of flight (left hand)
 v - a ring of wizardry
 x - a +6 ring of intelligence
 z - an amulet of faith (around neck)
Talismans
 F - a maw talisman
Wands
 i - a wand of digging (4)
 n - a wand of flame (27)
 r - a wand of iceblast (4)
Scrolls
 b - a scroll of enchant armour {unknown}
 f - a scroll of poison {unknown}
 h - a scroll of amnesia {unknown}
 j - a scroll of immolation
 o - a scroll of vulnerability {unknown}
 t - a scroll of brand weapon {unknown}
 u - a scroll of blinking {unknown}
 A - a scroll of noise {unknown}
 D - 4 scrolls of identify
 E - a scroll of teleportation {unknown}
Potions
 a - a potion of magic {unknown}
 k - a potion of might {unknown}
 l - 2 potions of attraction
 B - a potion of enlightenment {unknown}
 G - a potion of invisibility {unknown}


   Skills:
 + Level 5.2 Fighting
 * Level 9.6 Long Blades
 - Level 6.9 Axes
 + Level 2.3 Throwing
 * Level 8.6 Armour
 - Level 4.2 Dodging
 - Level 0.8 Earth Magic


You had 8 spell levels left.
You didn't know any spells.
Your spell library contained the following spells:

 Spells                   Type           Power      Damage    Failure   Level
 Apportation              Tloc           0%         N/A       82%         1
 Necrotise                Necr           0%         1d4       82%         1
 Sting                    Conj/Alch      0%         1d3       82%         1
 Summon Small Mammal      Summ           0%         N/A       82%         1
 Lesser Beckoning         Tloc           0%         N/A       90%         2
 Fugue of the Fallen      Necr           0%         N/A       99%         3
 Gell's Gravitas          Tloc           0%         N/A       99%         3
 Ozocubu's Armour         Ice            0%         N/A       99%         3
 Teleport Other           Tloc           0%         N/A       99%         3
 Manifold Assault         Tloc           0%         N/A       100%        4


Dungeon Overview and Level Annotations

Branches:
Dungeon (6/15)
 Temple: D:4-7

Altars:
Hepliaklqana

Shops:
D:4 (

Annotations:
D:6 Jeremiah


Innate Abilities, Weirdness & Mutations

You have a pair of horns on your head.
You reflexively headbutt those who attack you in melee.
Your muscles are strong. (Str +4, Int/Dex -1)
Your spells are a little harder to cast, but a little more powerful.
Your health recovers twice as slowly from being drained.


Message History

You fly downwards.
Level annotation: Jeremiah
There is a stone staircase leading up, spattered with blood here.
Things that are here:
a +0 robe; a +0 dagger Jeremiah hits you but does no damage.
You feel drained.
Things that are here:
a +0 robe; a +0 morningstar You slash Jeremiah!
Jeremiah is moderately wounded.
Jeremiah barely misses you.
Jeremiah hits you with a +4 trident of draining.
You feel drained.
You barely miss Jeremiah.
Jeremiah is moderately wounded.
Jeremiah hits you but does no damage.
You feel drained.
You hit Jeremiah but do no damage. Your headbutt misses Jeremiah.
Jeremiah is moderately wounded.
Jeremiah hits you but does no damage.
You feel drained.
You slash Jeremiah! You headbutt Jeremiah!
Jeremiah is severely wounded.
Jeremiah hits you with a +4 trident of draining!
You feel drained.
You miss Jeremiah.
Jeremiah is severely wounded.
Jeremiah hits you with a +4 trident of draining!
* * * LOW HITPOINT WARNING * * *
You feel drained.
* * * LOW HITPOINT WARNING * * *
The butterfly disappears in a burst of colours!
Jeremiah closely misses you.
There is a stone staircase leading up, spattered with blood here.
Things that are here:
a +0 robe; a +0 dagger You can't go down here!
Jeremiah asks you, "Where did this trident come from?
Is it yours?"
Jeremiah lets out a twisted cry.
Something smites you!
You die...
Jeremiah says, "O terrible one, your will is done."

###########.b.b..#..#.#.#.......#
(..........b.....#.##.#.#.####..#
##########............#.#.......#
.....# #......#.......######..#
..##.# #....b.#............#..#
...#.# ###.#b##...b..#####.#..#
...#.# #...b....b........#...
...#.## ##[###bbb...####....#.
##.#..#######..b@#.##### #.[#.#.
...#............b#.# #..#.#.
###..####.###.#.bF[### #..#.##
...+##~~### #.#.b#bb.### ##..#.##
#..#~~~~~~+ #.#.b#[#b..###...#.##
...#†~~~~~+ #.#.b#...b.......#.##
##.'##~~### #..########).....#.##
..[))####.###.b..............#.##
<#.#..............#######>#..#.##


You could see Jeremiah.

Vanquished Creatures
  A troll (D:5)
  Grinder (D:5)
  Sigmund (D:6)
  2 ice beasts
  A sky beast (D:4)
  2 black bears (D:5)
  2 centaurs (D:5)
  2 phantoms
  A kobold brigand (D:6)
  4 scorpions
  5 wights (D:6)
  A hound (D:6)
  An orc priest (D:4)
  A bombardier beetle (D:5)
  2 jellies
  A sleepcap (D:5)
  Ijyb (D:3)
  7 iguanas
  Natasha (thrice) (D:3)
  5 orc wizards
  Robin (D:3)
  3 gnolls (D:4)
  7 adders
  A river rat (D:6)
  2 ufetubi
  A ribbon worm (D:2)
  3 dart slugs
  20 orcs
  4 ball pythons
  3 bats
  7 endoplasms
  4 giant cockroaches
  8 hobgoblins
  11 jackals
  3 quokkas
  3 frilled lizards
  16 goblins
  8 kobolds
  6 rats
155 creatures vanquished.

Notes
Turn   | Place    | Note
-------+----------+-------------------------------------------
     0 | D:1      | peterpiraat the Minotaur Gladiator began the quest for the
                  | Orb.
     0 | D:1      | Reached XP level 1. HP: 18/18 MP: 0/0
   256 | D:1      | Reached XP level 2. HP: 25/25 MP: 1/1
   292 | D:1      | Found a faded altar of an unknown god.
   337 | D:1      | Gained mutation: Your muscles are strong. (Str +4, Int/Dex
                  | -1) [potion of mutation]
   337 | D:1      | Gained mutation: Your health recovers twice as slowly from
                  | being drained. [potion of mutation]
   337 | D:1      | Gained mutation: Your spells are a little harder to cast,
                  | but a little more powerful. [potion of mutation]
  1200 | D:2      | Reached XP level 3. HP: 27/30 MP: 2/2
  1407 | D:2      | Noticed a phantom
  1412 | D:2      | Killed a phantom
  1413 | D:2      | Reached skill level 5 in Axes
  1413 | D:2      | Reached XP level 4. HP: 37/37 MP: 3/3
  1875 | D:3      | Noticed Ijyb
  1885 | D:3      | Killed Ijyb
  1886 | D:3      | Reached XP level 5. HP: 43/44 MP: 4/4
  1926 | D:3      | Noticed Robin
  1962 | D:3      | Killed Robin
  2111 | D:3      | Noticed Natasha
  2120 | D:3      | Killed Natasha
  2229 | D:3      | Reached XP level 6. HP: 40/51 MP: 5/5
  2245 | D:3      | Noticed Natasha
  2253 | D:3      | Killed Natasha
  2319 | D:3      | Noticed Natasha
  2324 | D:3      | Killed Natasha
  2343 | D:3      | Identified the +9 dagger "Okkan" {pain, Fly Will- rCorr
                  | Str-2}
  2711 | D:4      | Found Gageej's Antique Weapon Shop.
  2906 | D:4      | Noticed an ice beast
  2919 | D:4      | Killed an ice beast
  2920 | D:4      | Reached XP level 7. HP: 50/58 MP: 6/6
  3063 | D:4      | Bought a great sword for 175 gold pieces
  3526 | D:5      | Entered Level 5 of the Dungeon
  3537 | D:5      | Reached skill level 1 in Long Blades
  3537 | D:5      | Reached skill level 5 in Armour
  3639 | D:5      | Reached skill level 2 in Long Blades
  3841 | D:5      | Reached skill level 3 in Long Blades
  4139 | D:4      | Reached skill level 4 in Long Blades
  4139 | D:4      | Reached XP level 8. HP: 27/66 MP: 7/7
  4485 | D:5      | Reached skill level 5 in Long Blades
  4567 | D:5      | Noticed Grinder
  4583 | D:5      | Killed Grinder
  4584 | D:5      | Reached skill level 6 in Long Blades
  4974 | D:5      | Found a hazy altar of Hepliaklqana.
  5271 | D:6      | Noticed a troll
  5274 | D:6      | Noticed Sigmund
  5290 | D:5      | Killed a troll
  5291 | D:5      | Reached skill level 7 in Long Blades
  5491 | D:6      | Killed Sigmund
  5659 | D:6      | Reached skill level 8 in Long Blades
  5659 | D:6      | Reached XP level 9. HP: 34/73 MP: 8/8
  5820 | D:6      | Identified the +6 hand axe of Dawn {antimagic, ^Drain rElec
                  | Int-4 SInv}
  5890 | D:5      | Reached skill level 5 in Fighting
  6259 | D:6      | Reached skill level 9 in Long Blades
  6721 | D:6      | Noticed Jeremiah
  7333 | D:6      | HP: 1/26 [Jeremiah/+4 trident of draining (2)]
  7335 | D:6      | Killed from afar by Jeremiah

Illustrated notes

Levels and vault maps discovered:
D:1:      elethiomel_arrival_diamonds, layout_basic,
          hellmonk_ecumenical_altar_blasted, hangedman_glass_teeth
D:2:      layout_basic, serial_corexii_hall, corexii_hall_statues_x,
          chequers_hall_statues_corner_a, kennysheep_potato
D:3:      layout_rooms, uniq_natasha, uniq_ijyb, uniq_robin
D:4:      layout_loops_ring, serial_shops, shop
D:5:      layout_cave_pools, mainiacjoe_overflow_alcove_1, uniq_grinder
D:6:      layout_basic, gup_sewer_entry_bowl, kennysheep_opposing_triangles,
          uniq_sigmund, uniq_jeremiah

Skill      XL: |  1  2  3  4  5  6  7  8  9 |
---------------+----------------------------+-----
Axes           | 4 5 6 |  6.9
Armour         | 2 3 4 6 7 8 |  8.6
Dodging        | 4 |  4.2
Fighting       | 3 4 5 |  5.2
Long Blades    | 4 8 9 |  9.6
Throwing       | |  2.3
Earth Magic    | |  0.8

Action                     |  1- 3 |  4- 6 |  7- 9 || total
---------------------------+-------+-------+-------++-------
  Melee: War axe           |    54 |   135 |     1 ||   190
         Headbutt          |    11 |    22 |    47 ||    80
         Punch             |       |     2 |       ||     2
         Great sword       |       |       |   260 ||   260
    Use: Potion            |     3 |       |       ||     3
         Scroll            |       |     1 |       ||     1
 Armour: Leather armour    |     4 |       |       ||     4
         Ring mail         |    31 |    48 |       ||    79
         Scale mail        |       |    48 |   243 ||   291
  Dodge: Dodged            |    25 |    80 |   164 ||   269
